AoeStats
← LegolasJr

Lombardia

509794504Analyzed
3v3 RM · 6d ago on Sep 28, 2026· 64m 17s· 6 players
Game mode
Random Map
Map size
Normal (6 player)
Population
200
Speed
Normal
Resources
Standard
Victory
Conquest
Starting age
Dark Age
Ending age
Imperial Age
RankedLock teamsTeams togetherTeam positionsShared explorationLock speedFull tech treeHidden civsTurbo modeCheats
Victory
Defeat
🇺🇸 Portuguese · United States
793
+16
🇺🇸 Slavs · United States
787
+16
🇺🇸 Spanish · United States
777
+17
🇲🇽 Teutons · Mexico
882
-56
🇲🇽 Mongols · Mexico
750
-33
🇲🇽 Persians · Mexico
750
-33
Austin
0:28 Loom
10:35 Feudal Age
13:40 Double-Bit Axe
17:51 Castle Age
16:03 Stone Mining
16:01 Horse Collar
16:42 Fletching
18:00 Gold Mining
19:14 Bow Saw
23:01 Stone Shaft Mining
24:16 Bodkin Arrow
25:31 Pikeman
25:57 Gambesons
27:12 Heavy Plow
39:53 Imperial Age
38:39 Scale Mail Armor
38:51 Forging
40:51 Ballistics
41:34 Chemistry
40:40 Arquebus
42:42 Elite Organ Gun
49:52 Crop Rotation
53:29 Halberdier
60:31 Halberdier
Magneto
12:31 Feudal Age
13:23 Double-Bit Axe
14:39 Horse Collar
22:10 Castle Age
20:59 Gold Mining
24:38 Husbandry
24:50 Bloodlines
25:51 Bow Saw
31:23 Heavy Plow
33:23 Stone Mining
35:37 Scale Barding Armor
41:50 Forging
58:22 Imperial Age
62:22 Cavalier
65:12 Gold Shaft Mining
HonkyTonkMan
6:33 Loom
11:28 Feudal Age
12:39 Double-Bit Axe
12:39 Horse Collar
13:18 Gold Mining
21:09 Castle Age
20:21 Stone Mining
21:57 Elite Skirmisher
23:26 Heavy Plow
24:21 Fletching
24:43 Thumb Ring
26:00 Stone Shaft Mining
33:31 Imperial Age
31:22 Bodkin Arrow
31:30 Padded Archer Armor
38:36 Chemistry
38:03 Ballistics
44:30 Conscription
47:06 Bracer
47:23 Leather Archer Armor
49:04 Murder Holes
50:14 Ring Archer Armor
50:52 Wheelbarrow
59:00 Gambesons
59:15 Squires
58:39 Pikeman
60:13 Elite Conquistador
60:41 Halberdier
61:39 Forging
61:30 Scale Mail Armor
Terry Crews
7:42 Loom
10:58 Feudal Age
14:27 Wheelbarrow
16:00 Fletching
16:12 Padded Archer Armor
24:06 Castle Age
24:31 Horse Collar
25:10 Hand Cart
25:52 Thumb Ring
26:49 Bodkin Arrow
28:14 Pikeman
30:03 Squires
30:42 Scale Barding Armor
36:01 Nomads
45:32 Imperial Age
48:33 Conscription
48:36 Drill
47:45 Capped Ram
49:20 Parthian Tactics
48:56 Siege Ram
59:18 Chemistry
60:22 Ballistics
LegolasJr
10:30 Feudal Age
12:05 Wheelbarrow
11:38 Double-Bit Axe
11:37 Horse Collar
16:21 Gold Mining
17:12 Scale Barding Armor
20:31 Castle Age
19:59 Stone Mining
22:19 Forging
29:31 Hand Cart
29:53 Kamandaran
30:20 Padded Archer Armor
30:11 Fletching
30:33 Husbandry
30:59 Chain Barding Armor
31:15 Iron Casting
40:23 Imperial Age
41:15 Heavy Camel Rider
49:03 Chemistry
48:10 Herbal Medicine
48:34 Caravan
48:22 Crossbowman
49:09 Thumb Ring
49:18 Cavalier
51:18 Ballistics
50:51 Savar
54:23 Plate Barding Armor
54:49 Blast Furnace
56:55 Loom
56:48 Elite Skirmisher
Arnold Schwarzenegger
11:03 Feudal Age
12:51 Horse Collar
16:41 Double-Bit Axe
17:42 Loom
22:30 Castle Age
22:03 Gold Mining
25:15 Scale Mail Armor
29:52 Chain Mail Armor
31:11 Stone Mining
32:46 Forging
35:52 Iron Casting
37:16 Loom
40:04 Imperial Age
38:11 Devotion
42:43 Elite Skirmisher
44:33 Plate Mail Armor
47:43 Scale Barding Armor
47:05 Cavalier
48:34 Paladin
50:35 Chain Barding Armor
52:55 Plate Barding Armor
Connection lost

Rejoining the realm…

Still unreachable

The connection could not be restored.

Session expired

The server has moved on; the page needs a fresh start.